[Event "Early-Titled-Tuesday-Blitz-September-12-2023"]
[Site "Chess.com"]
[Date "2023.09.12"]
[Round "10"]
[White "ShahMatKanal"]
[Black "Francisco_Ferrari"]
[Result "1-0"]
[WhiteElo "2507"]
[BlackElo "2208"]
[TimeControl "180+1"]
[EndTime "9:58:03 PDT"]
[Termination "ShahMatKanal won by checkmate"]

1. e4 c5 2. d4 cxd4 3. c3 Nf6 4. e5 Nd5 5. Bc4 Nb6 6. Bb3 e6 7. cxd4 d6 8. exd6 Bxd6 9. Nf3 O-O 10.
O-O Nc6 11. Nc3 Bd7 12. a3 Na5 13. Ba2 Bc6 14. Qe2 Rc8 15. Ne5 Nd5 16. Nxc6 bxc6 17.
Ne4 Be7 18. b4 Nb7 19. Bb2 a5 20. Nc5 Nd6 21. Qd2 axb4 22. axb4 Nf5 23. Bb1 Bg5 24. f4 Bf6 25. Rf3 Rb8 26. g4 Nd6 27. g5 Be7 28. Ra4 Nc4 29. Qd3 g6 30. Qxc4 Bxg5 31. fxg5 Qxg5+ 32. Rg3 Qd2 33. Bc1 Qe1+ 34. Qf1 Qxf1+ 35.
Kxf1 Nxb4 36. Bf4 Rb5 37. Rb3 Nd5 38. Bh6 Rxb3 39. Nxb3 Rb8 40. Bc2 f6 41. Bd2 g5 42.
Rc4 Rc8 43. Na5 Kf7 44. Nxc6 Ra8 45. Na5 Rb8 46. Bc1 Ra8 47. Nb7 Ra1 48. Kf2 Ke7 49. Bd2 Ra2 50. Nc5 h5 51. h3 g4 52. hxg4 hxg4 53.
Kg3 f5 54. Bg5+ Kf7 55. Nd3 Kg6 56. Bf4 Kf7 57. Be5 Ke7 58. Nf4 Ne3 59. Rc7+ Kd8 60. Nxe6+ Ke8 61. Bd3 Rg2+ 62. Kf4 Nd5+ 63. Kg5 Nxc7 64.
Bxc7 Kd7 65. d5 g3 66. Bxf5 Rf2 67. Bxg3 Rd2 68. Nf4+ Kd8 69. Kg4 Rd4 70. Bh4+ Ke8 71. Bf6 Rd2 72. Be5 Ra2 73. d6 Ra4 74. d7+ Kd8 75.
Bf6+ Kc7 76. d8=B+ Kb7 77. Bde7 Ra5 78. Kg5 Rb5 79. Ne6 Rb3 80. Kg6 Kc6 81. Kf7 Kd5 82. Nf4+ Kc6 83. Be6 Rf3 84. Nd5 Rf2 85. Ne3 Rf3 86.
Nc4 Ra3 87. Nxa3 Kc7 88. Nc2 Kb7 89. Kg6 Kb8 90. Kf5 Kc7 91. Ke5 Kb7 92. Kd5 Kb8 93. Kc5 Ka7 94. Be5 Ka8 95. Kb5 Kb7 96. Nb4 Ka8 97. Bd5+ Ka7 98. Bc5# 1-0

[Event "Early-Titled-Tuesday-Blitz-September-12-2023"]
[Site "Chess.com"]
[Date "2023.09.12"]
[Round "10"]
[White "splendidkid"]
[Black "sergoy"]
[Result "1/2-1/2"]
[WhiteElo "2786"]
[BlackElo "2928"]
[TimeControl "180+1"]
[EndTime "9:58:05 PDT"]
[Termination "Game drawn by repetition"]

1. d4 d5 2. c4 c6 3. Nf3 Nf6 4.
Nbd2 e6 5. g3 c5 6. dxc5 Bxc5 7.
Bg2 Nc6 8. O-O h6 9. a3 a5 10. b3 d4 11. Bb2 O-O 12. Qc2 e5 13. Nh4 Be6 14. Rfd1 Rc8 15. Ne4 Be7 16. Nf5 Kh8 17. Nxf6 Bxf6 18. Be4 Ne7 19. e3 a4 20. Nxe7 Qxe7 21.
exd4 axb3 22. Qxb3 Bxc4 23. Qe3 exd4 24. Bxd4 b5 25.
Bxf6 Qxf6 26. Bg2 Rfe8 27. Qf3 Qb6 28. Re1 Qa5 29. Re3 b4 30. Rxe8+ Rxe8 31. Qf4 Rc8 32. Qd2 Rb8 33. Rc1 Be6 34. axb4 Qxb4 35. Qxb4 Rxb4 36. h4 g6 37. Bf3 Kg7 38. Kg2 Kf6 39. Rc6 Rb3 40.
Rc5 Rd3 41. Rc6 Kg7 42. Rb6 Rd4 43. Ra6 g5 44. hxg5 hxg5 45. Ra5 g4 46. Ba8 Kf6 47. Kf1 Rd1+ 48. Kg2 Bc4 49. Ra4 Be6 50. Kh2 Rd2 51.
Kg2 Kg5 52. Ra5+ f5 53. Ra6 Bc4 54. Ra4 Bd3 55. Ra3 Rd1 56. Bb7 Bf1+ 57. Kh2 Rb1 58. Ba8 Be2 59. Kg2 Rb5 60. Re3 Bc4 61.
Bc6 Rc5 62. Ba8 f4 63. gxf4+ Kxf4 64. Rg3 Be6 65. Ra3 Rc2 66. Ra4+ Kg5 67. Ra6 Bc4 68. Ra5+ Kh4 69. Rf5 Rc1 70. Rf4 Bf1+ 71. Kh2 Bh3 72. Bg2 Bxg2 73. Kxg2 Rc2 74. Re4 Rd2 75. Re3 Rc2 76.
Re4 Rd2 77. Re3 Rd4 78. Ra3 Kg5 79. Rg3 Kh4 80. Re3 Ra4 81. Re8 Ra5 82. Rh8+ Rh5 83.
Rg8 Rg5 84. Rh8+ Rh5 85. Rg8 Rg5 86. Rf8 Rd5 87. Rh8+ Rh5 1/2-1/2

[Event "Early-Titled-Tuesday-Blitz-September-12-2023"]
[Site "Chess.com"]
[Date "2023.09.12"]
[Round "10"]
[White "Witik"]
[Black "tetrix83"]
[Result "0-1"]
[WhiteElo "2709"]
[BlackElo "2547"]
[TimeControl "180+1"]
[EndTime "9:58:18 PDT"]
[Termination "tetrix83 won on time"]

1. d4 Nf6 2. c4 g6 3. Nc3 Bg7 4. e4 d6 5. Nf3 O-O 6. Be2 e5 7.
O-O Na6 8. Be3 Ng4 9. Bg5 Qe8 10. d5 f5 11. Ne1 Nf6 12. f3 Nc5 13. b4 Ncd7 14.
Nd3 a6 15. c5 Nh5 16. Rc1 Ndf6 17. Qd2 f4 18. a4 h6 19. Bh4 g5 20. Be1 g4 21. b5 g3 22. h3 Nh7 23. Bd1 Ng5 24.
b6 cxb6 25. cxd6 Bd7 26. Rc2 Nf6 27. Ne2 Nfh7 28. Nxg3 fxg3 29. Bxg3 Bxa4 30. Rc7 Bxd1 31. Qxd1 Qg6 32. Rxg7+ Kxg7 33. Bxe5+ Kg8 34. Kh2 Nf7 35.
Bg3 Nxd6 36. Qb3 b5 37. e5 Nc4 38. Re1 Ng5 39. Nf4 Qf5 40. e6 Rae8 41. h4 Nh7 42. d6 Nxd6 43. Nd5 Nc4 44. Qd1 Rxe6 45. Ne7+ Rxe7 46.
Rxe7 Nf6 47. Qd4 h5 48. Rxb7 Rf7 49. Rb8+ Kg7 50. Ra8 Qd5 51. Qa1 Nd2 52. Rxa6 b4 53. Be5 Nxf3+ 54. gxf3 Qxf3 55. Rxf6 Rxf6 56. Bxf6+ Qxf6 57.
Qa7+ Kg6 58. Qa8 Qd6+ 59. Kg2 Qd2+ 60. Kg3 Qc3+ 61. Kf4 Qc4+ 62. Kf3 Qc3+ 63. Kf4 Qc4+ 64. Kf3 b3 65. Qe8+ Kf6 66. Qh8+ Ke7 67. Qxh5 Qc3+ 68.
Ke4 Qc2+ 69. Kd5 b2 70. Qg5+ Kd7 71. Qg7+ Kc8 72. Qf8+ Kb7 73. Qg7+ Ka6 74. Qf6+ Ka5 75. Qd8+ Ka4 76. Qa8+ Kb3 77. Qb8+ Kc3 78. Qe5+ Kb3 79. Qb8+ Ka2 80. Qa7+ Kb1 81. Qg1+ Qc1 82. Qa7 Qd2+ 83.
Ke6 Qe2+ 84. Kf6 Qe1 85. h5 Qc3+ 86. Kg6 Kc2 87. Qf2+ Qd2 88. Qc5+ Qc3 89. Qf2+ Kb3 90. Qb6+ Qb4 91. Qe3+ Ka4 0-1

[Event "Early-Titled-Tuesday-Blitz-September-12-2023"]
[Site "Chess.com"]
[Date "2023.09.12"]
[Round "10"]
[White "Frolyanov_D"]
[Black "IMTominho"]
[Result "0-1"]
[WhiteElo "2670"]
[BlackElo "2844"]
[TimeControl "180+1"]
[EndTime "9:58:26 PDT"]
[Termination "IMTominho won on time"]

1. d4 Nf6 2. c4 e6 3. Nf3 Bb4+ 4. Nbd2 a5 5. g3 O-O 6. Bg2 d5 7. O-O b6 8. Qc2 h6 9. Ne5 Bb7 10. cxd5 exd5 11. Ndc4 Re8 12. Ne3 Ne4 13. Nf5 Bf8 14.
Bf4 Ra7 15. Rac1 c6 16. Bxe4 dxe4 17. Qb3 Bc8 18. g4 Be6 19. Qg3 Kh7 20. Rfd1 b5 21. Rxc6 f6 22. Rxe6 Rxe6 23. Ng6 Kxg6 24. Bxb8 Rd7 25.
Qf4 Kf7 26. Rc1 Kg8 27. Bc7 Qe8 28. Bxa5 e3 29. Nxe3 Re4 30. Qf5 Rxe3 31. fxe3 Qxe3+ 32. Kg2 Qxe2+ 33. Qf2 Qxg4+ 34. Qg3 Qxd4 35. Bc3 Qe4+ 36.
Qf3 Qg6+ 37. Qg3 Kh7 38. Rf1 b4 39. Be1 Rd3 40. Qxg6+ Kxg6 41. Rf4 b3 42. axb3 Rxb3 43.
Bc3 Bd6 44. Rd4 Ba3 45. Rg4+ Kf7 46. Bxf6 Bxb2 47. Bxb2 Rxb2+ 48. Kg3 Kf6 49. Rf4+ Kg5 50. Rg4+ Kf6 51. Rf4+ Kg6 52. Rg4+ Kh7 53. Ra4 Rb3+ 54. Kg4 Rb5 55. h4 h5+ 56. Kf4 Kh6 57. Ra6+ Kh7 58.
Rc6 Ra5 59. Kg3 Ra4 60. Rb6 Rg4+ 61. Kh3 Rg6 62. Rb5 Kh6 63. Rc5 Ra6 64. Rd5 Ra3+ 65.
Kg2 Re3 66. Rd6+ Kh7 67. Rd5 Kg6 68. Rg5+ Kh6 69. Rd5 Re4 70. Kg3 Rc4 71. Re5 Kg6 72. Rg5+ Kh6 73. Rd5 Ra4 74. Rd6+ g6 75. Rd5 Ra7 76.
Rc5 Rf7 77. Rb5 Re7 78. Rc5 Kg7 79. Rb5 Kf6 80. Rc5 Re6 81. Rd5 Re5 82. Rd6+ Kf5 83. Rd3 Rc5 84. Rf3+ Ke4 85. Rf4+ Ke5 86. Rf3 Rc4 87.
Kh3 Rd4 88. Rg3 Kf5 89. Rg5+ Kf6 90. Kg3 Re4 91. Kh3 Re3+ 92. Kh2 Re4 93. Kh3 Rd4 94.
Rg3 Rc4 95. Rg2 Rc6 96. Re2 Kf5 97. Rf2+ Ke4 98. Rg2 Rf6 99. Rg5 Ke3 0-1

[Event "Early-Titled-Tuesday-Blitz-September-12-2023"]
[Site "Chess.com"]
[Date "2023.09.12"]
[Round "11"]
[White "Andrei_Belozerov"]
[Black "Leonid_Starozhilov"]
[Result "1/2-1/2"]
[WhiteElo "2618"]
[BlackElo "2775"]
[TimeControl "180+1"]
[EndTime "9:59:46 PDT"]
[Termination "Game drawn by agreement"]

1. d4 Nf6 2. c4 g6 3. g3 Bg7 4. Bg2 O-O 5. Nc3 d6 6. Nf3 c6 7.
O-O Bf5 8. b3 Ne4 9. Bb2 Nxc3 10.
Bxc3 Be4 1/2-1/2

[Event "Early-Titled-Tuesday-Blitz-September-12-2023"]
[Site "Chess.com"]
[Date "2023.09.12"]
[Round "11"]
[White "whiteglovethief"]
[Black "Gogolev_Artemy"]
[Result "1-0"]
[WhiteElo "2545"]
[BlackElo "2402"]
[TimeControl "180+1"]
[EndTime "10:01:14 PDT"]
[Termination "whiteglovethief won by resignation"]

1. d4 d5 2. c4 c6 3. Nf3 Nf6 4.
e3 e6 5. Nbd2 Nbd7 6. Bd3 b6 7. O-O Bb7 8. e4 dxe4 9. Nxe4 c5 10.
d5 Nxe4 11. Bxe4 Nf6 12. Bg5 Be7 13. Bxf6 Bxf6 14. Qe2 e5 15. d6 Bxe4 16. Qxe4 O-O 17. Rad1 Re8 18. d7 Re7 19. Qxa8 1-0

[Event "Early-Titled-Tuesday-Blitz-September-12-2023"]
[Site "Chess.com"]
[Date "2023.09.12"]
[Round "11"]
[White "Ready4abattle"]
[Black "ChessTankMan"]
[Result "0-1"]
[WhiteElo "2318"]
[BlackElo "2504"]
[TimeControl "180+1"]
[EndTime "10:01:37 PDT"]
[Termination "ChessTankMan won by resignation"]

1. e4 c5 2. Nf3 e6 3. d4 cxd4 4. Nxd4 a6 5. Bd3 Nf6 6. Nc3 Qc7 7. O-O Be7 8. Nb3 O-O 9. f4 d6 10. Qf3 Nbd7 11. Be3 Rb8 12. Rae1 b5 13. g4 b4 14. Ne2 Nc5 15. g5 Nfxe4 16. Bxe4 Nxe4 17. Qxe4 Bb7 18. Bb6 Qxb6+ 19. Qd4 Qc6 0-1

[Event "Early-Titled-Tuesday-Blitz-September-12-2023"]
[Site "Chess.com"]
[Date "2023.09.12"]
[Round "11"]
[White "FeketeBarika"]
[Black "ural58"]
[Result "0-1"]
[WhiteElo "2388"]
[BlackElo "2537"]
[TimeControl "180+1"]
[EndTime "10:01:43 PDT"]
[Termination "ural58 won by resignation"]

1. Nf3 Nc6 2. c4 e5 3. Nc3 Bb4 4. Nd5 e4 5. Ng1 a5 6. a3 Be7 7.
Qc2 f5 8. d3 Nf6 9. Nxf6+ Bxf6 10. dxe4 Nd4 11. Qd3 fxe4 12. Qxe4+ Qe7 13. Qxe7+ Bxe7 14. Rb1 d5 15. Be3 Nc2+ 16. Kd2 Nxe3 17. fxe3 dxc4 18.
Nf3 Bf5 19. Nd4 O-O-O 20. Rc1 c5 21. Rxc4 Kb8 0-1

[Event "Early-Titled-Tuesday-Blitz-September-12-2023"]
[Site "Chess.com"]
[Date "2023.09.12"]
[Round "11"]
[White "Rutricks"]
[Black "PLAYER_2006_M"]
[Result "0-1"]
[WhiteElo "2684"]
[BlackElo "2877"]
[TimeControl "180+1"]
[EndTime "10:02:12 PDT"]
[Termination "PLAYER_2006_M won by resignation"]

1. e4 e5 2. Nf3 Nc6 3. Bc4 Nf6 4. d3 d5 5. exd5 Nxd5 6. O-O Be7 7. Re1 f6 8. d4 Nb6 9. Bb5 O-O 10. c3 Bg4 11. Qb3+ Kh8 12. Bxc6 bxc6 13. Nbd2 exd4 14. Nxd4 Re8 15.
Nxc6 Bc5 16. Rxe8+ Qxe8 17. Nd4 Bxd4 18. cxd4 Qe1+ 19. Nf1 Be2 0-1

[Event "Early-Titled-Tuesday-Blitz-September-12-2023"]
[Site "Chess.com"]
[Date "2023.09.12"]
[Round "11"]
[White "The_Machine04"]
[Black "jguerramzllo"]
[Result "1-0"]
[WhiteElo "2711"]
[BlackElo "2833"]
[TimeControl "180+1"]
[EndTime "10:02:24 PDT"]
[Termination "The_Machine04 won by resignation"]

1. d4 d5 2. Nf3 e6 3. e3 Bd6 4. Nbd2 f5 5. Ne5 Nd7 6. Qh5+ g6 7. Nxg6 Ndf6 8. Qh3 hxg6 9. Qxh8 Kf7 10. Nf3 Qf8 11. Ne5+ Bxe5 12. dxe5 Nh5 13. Qh7+ Ng7 14. h4 Qb4+ 15.
c3 Qe4 16. h5 gxh5 17. Rxh5 Qxe5 18. Rg5 Qf6 19. Rg3 e5 20. c4 f4 21. exf4 Bf5 22.
Rxg7+ 1-0

[Event "Early-Titled-Tuesday-Blitz-September-12-2023"]
[Site "Chess.com"]
[Date "2023.09.12"]
[Round "11"]
[White "Apocalyps999"]
[Black "McCarthyStone"]
[Result "0-1"]
[WhiteElo "2289"]
[BlackElo "2458"]
[TimeControl "180+1"]
[EndTime "10:02:50 PDT"]
[Termination "McCarthyStone won by checkmate"]

1. e4 e5 2. Nf3 d6 3. d4 exd4 4. Nxd4 Nf6 5. Nc3 g6 6. Be3 Bg7 7. Qd2 O-O 8. f3 Nc6 9. O-O-O Nxd4 10. Bxd4 Be6 11. h4 c5 12. Bxf6 Qxf6 13. Be2 b5 14. g4 b4 15. Na4 Bd7 16. g5 Qe5 17. f4 Qxe4 18. b3 Rae8 19. Rde1 Bxa4 20. bxa4 Bc3 21.
Qd1 Qxf4+ 22. Kb1 Bxe1 23. Rxe1 Qf2 24. h5 Re6 25. h6 Rfe8 26. Kb2 Rxe2 27. Kb3 Qxe1 28.
Qd5 Qc3# 0-1

[Event "Early-Titled-Tuesday-Blitz-September-12-2023"]
[Site "Chess.com"]
[Date "2023.09.12"]
[Round "11"]
[White "vedantgoswami"]
[Black "Dacean99"]
[Result "1-0"]
[WhiteElo "2360"]
[BlackElo "2510"]
[TimeControl "180+1"]
[EndTime "10:03:03 PDT"]
[Termination "vedantgoswami won by resignation"]

1. e4 e6 2. Nf3 d5 3. Nc3 d4 4. Ne2 c5 5. b4 Nc6 6. bxc5 Bxc5 7. Ng3 e5 8. Bc4 Nf6 9. O-O O-O 10. d3 Na5 11. Nxe5 Qe7 12. f4 Nxc4 13. Nxc4 Bb4 14. f5 b5 15. Nd2 Ng4 16. Qxg4 Kh8 17. Nf3 Qc5 18. Ng5 Qxc2 19. Qh5 h6 20. f6 Bd2 21.
fxg7+ Kxg7 22. Bxd2 f6 23. Nf3 Rh8 24. Rac1 Qxd3 25.
Rc7+ 1-0

[Event "Early-Titled-Tuesday-Blitz-September-12-2023"]
[Site "Chess.com"]
[Date "2023.09.12"]
[Round "11"]
[White "HanSchut"]
[Black "LUISMIGUELOV"]
[Result "1/2-1/2"]
[WhiteElo "2268"]
[BlackElo "2134"]
[TimeControl "180+1"]
[EndTime "10:03:05 PDT"]
[Termination "Game drawn by agreement"]

1. e4 c6 2. d4 d5 3. exd5 cxd5 4. c4 Nf6 5. Nc3 e6 6. Nf3 Bb4 7. cxd5 Nxd5 8. Qc2 O-O 9. Bd3 h6 10. a3 Be7 11. Qe2 Nxc3 12. bxc3 Qc7 13. Bd2 Nd7 14. O-O Nf6 15. Ne5 b6 16. a4 a5 17. Rac1 Bb7 18. h3 Bd6 19. Ng4 Nxg4 20. hxg4 Qc6 21. f3 Rfe8 22.
Bc2 e5 23. Qd3 e4 24. fxe4 Qxe4 25. Qxe4 Bxe4 26. Bb3 Bg6 27. Rce1 Kf8 28. Kf2 Rxe1 29. Rxe1 1/2-1/2

[Event "Early-Titled-Tuesday-Blitz-September-12-2023"]
[Site "Chess.com"]
[Date "2023.09.12"]
[Round "11"]
[White "Shuvalov"]
[Black "gaby_przz"]
[Result "1-0"]
[WhiteElo "2427"]
[BlackElo "2414"]
[TimeControl "180+1"]
[EndTime "10:03:07 PDT"]
[Termination "Shuvalov won by resignation"]

1. d4 d5 2. c4 e6 3. Nf3 h6 4. Nc3 Nf6 5. Bf4 Bd6 6. Bxd6 Qxd6 7. e3 O-O 8. Rc1 Nc6 9. a3 dxc4 10.
Bxc4 Re8 11. O-O e5 12. d5 Ne7 13. Nb5 Qd8 14. d6 cxd6 15. Nxd6 Bg4 16. Bxf7+ Kf8 17. Bxe8 Nxe8 18. Nxe8 Qxe8 19. Qd6 1-0

[Event "Early-Titled-Tuesday-Blitz-September-12-2023"]
[Site "Chess.com"]
[Date "2023.09.12"]
[Round "11"]
[White "jcmesafischer"]
[Black "CraiggoryC"]
[Result "0-1"]
[WhiteElo "2362"]
[BlackElo "2249"]
[TimeControl "180+1"]
[EndTime "10:03:10 PDT"]
[Termination "CraiggoryC won by resignation"]

1. Nf3 Nf6 2. d4 e6 3. c4 d5 4.
Nc3 c6 5. Bg5 h6 6. Bxf6 Qxf6 7.
e3 Nd7 8. Bd3 dxc4 9. Bxc4 Bd6 10. Ne4 Bb4+ 11. Ke2 Qf5 12. Bd3 Qa5 13. a3 Be7 14. b4 Qd8 15. h4 Nf6 16. Ne5 O-O 17.
g4 Qd5 18. Nxf6+ Bxf6 19. g5 Bxe5 20. dxe5 Qxe5 21. gxh6 Qh5+ 22. Kd2 Qxh6 23. Qf3 e5 24. Rag1 Be6 25. Qe4 Rad8 26. Rg5 Bd5 27. Qg4 Bxh1 28.
Ke2 e4 29. Bc4 Bf3+ 0-1

[Event "Early-Titled-Tuesday-Blitz-September-12-2023"]
[Site "Chess.com"]
[Date "2023.09.12"]
[Round "11"]
[White "ElenaPershina"]
[Black "pankajfm"]
[Result "1-0"]
[WhiteElo "2263"]
[BlackElo "2107"]
[TimeControl "180+1"]
[EndTime "10:03:11 PDT"]
[Termination "ElenaPershina won by resignation"]

1. e4 c5 2. Nf3 Nc6 3. Bb5 g6 4. O-O Bg7 5. c3 e6 6. d4 cxd4 7. cxd4 Nge7 8. Re1 O-O 9. Nc3 d5 10. e5 a6 11. Bxc6 Nxc6 12. Bg5 f6 13. exf6 Bxf6 14. Bh6 Re8 15. Qd2 Qc7 16. Rac1 Qb6 17. Nxd5 Qd8 18.
Nxf6+ Qxf6 19. Ne5 Nxe5 20. dxe5 Qf7 21. Qd6 Bd7 22.
Rc7 Rad8 23. Rd1 Qe7 24. Qxe7 Rxe7 25. Bg5 1-0

[Event "Early-Titled-Tuesday-Blitz-September-12-2023"]
[Site "Chess.com"]
[Date "2023.09.12"]
[Round "11"]
[White "arminmusovic"]
[Black "Srisshhhtea"]
[Result "1-0"]
[WhiteElo "2553"]
[BlackElo "2419"]
[TimeControl "180+1"]
[EndTime "10:03:13 PDT"]
[Termination "arminmusovic won by resignation"]

1. a3 e5 2. d4 exd4 3. Qxd4 Nc6 4. Qa4 Nf6 5. Nc3 d5 6. Bg5 Be7 7. O-O-O Be6 8. Nf3 O-O 9. e4 Bg4 10. Bxf6 Bxf6 11.
Nxd5 Bxf3 12. gxf3 Ne5 13. f4 Ng4 14. e5 Bh4 15. Nf6+ Qxf6 16. exf6 Nxf2 17. fxg7 Rfe8 18.
Bd3 Nxh1 19. Rxh1 Re3 20. Kb1 Rae8 21. Qxa7 Bf6 22. Rg1 c5 23. Qxc5 h6 24. Ka2 1-0

[Event "Early-Titled-Tuesday-Blitz-September-12-2023"]
[Site "Chess.com"]
[Date "2023.09.12"]
[Round "11"]
[White "hansen"]
[Black "tdf98pantani"]
[Result "1-0"]
[WhiteElo "2902"]
[BlackElo "2741"]
[TimeControl "180+1"]
[EndTime "10:03:18 PDT"]
[Termination "hansen won by resignation"]

1. e4 c5 2. Nf3 d6 3. c3 Nf6 4.
Bd3 Bd7 5. Bc2 Bc6 6. d3 e5 7. O-O Be7 8. Re1 O-O 9. d4 Nbd7 10. d5 Bb5 11. a4 Ba6 12. Na3 c4 13. Nd2 Rc8 14. Nb5 Qb6 15. Qe2 Bxb5 16. axb5 Qxb5 17. Rxa7 Nb6 18. b4 Ra8 19. Rxb7 Ra2 20. Bb1 Ra1 21. Rxe7 Na4 22. Qe3 Ng4 23. Qf3 Nh6 24. Ra7 f5 25. exf5 Qb6 26. Ra5 g6 1-0

[Event "Early-Titled-Tuesday-Blitz-September-12-2023"]
[Site "Chess.com"]
[Date "2023.09.12"]
[Round "11"]
[White "Egor_Koshulyan"]
[Black "MdImranCM"]
[Result "0-1"]
[WhiteElo "2735"]
[BlackElo "2537"]
[TimeControl "180+1"]
[EndTime "10:03:53 PDT"]
[Termination "MdImranCM won by resignation"]

1. e4 c6 2. d4 d5 3. e5 Bf5 4. Nf3 e6 5. Be2 Nd7 6. O-O Ne7 7. a4 a5 8. b3 h6 9. c4 g5 10. Ne1 dxc4 11. bxc4 c5 12. Bb2 cxd4 13. Qxd4 Nc6 14. Qe3 Bc5 15. Qg3 Nd4 16. Bd1 h5 17. h3 Qb6 18.
Qc3 g4 19. h4 g3 20. Nf3 Nxf3+ 21. Bxf3 Bxf2+ 22. Kh1 Qd8 0-1

[Event "Early-Titled-Tuesday-Blitz-September-12-2023"]
[Site "Chess.com"]
[Date "2023.09.12"]
[Round "11"]
[White "Kapitan_Bayan"]
[Black "Nekoo04"]
[Result "0-1"]
[WhiteElo "2189"]
[BlackElo "2267"]
[TimeControl "180+1"]
[EndTime "10:03:55 PDT"]
[Termination "Nekoo04 won by resignation"]

1. e4 c5 2. Nf3 d6 3. d4 cxd4 4.
Nxd4 Nf6 5. Nc3 g6 6. Be3 Bg7 7. f3 Nc6 8. Qd2 O-O 9. Kd1 d5 10. exd5 Nxd5 11. Nxc6 Nxc3+ 12. bxc3 bxc6 13. Bd3 Qd6 14.
Ke2 Rd8 15. Rab1 Be6 16. Rb2 Qa3 17. Rb7 Bxc3 18. Qc1 Qxa2 19. Rxe7 Bf6 20. Rb7 Rxd3 21. Kxd3 Qc4+ 22. Kd2 Bc3+ 23. Kd1 Rd8+ 24. Bd2 Qf4 0-1

[Event "Early-Titled-Tuesday-Blitz-September-12-2023"]
[Site "Chess.com"]
[Date "2023.09.12"]
[Round "11"]
[White "sqmorr"]
[Black "javierfreilemartin"]
[Result "1-0"]
[WhiteElo "2255"]
[BlackElo "2310"]
[TimeControl "180+1"]
[EndTime "10:03:57 PDT"]
[Termination "sqmorr won by checkmate"]

1. d4 Nf6 2. c4 g6 3. Nc3 Bg7 4. e4 d6 5. Nf3 O-O 6. Be2 Na6 7.
O-O e5 8. Be3 Ng4 9. Bg5 Qe8 10. Re1 exd4 11. Nxd4 Qe5 12. Bxg4 Qxd4 13. Bxc8 Rfxc8 14. Qxd4 Bxd4 15. Rac1 Bxc3 16. Rxc3 Kg7 17. Be3 Re8 18. f3 Nb4 19. a3 Nc6 20. Kf2 a5 21. c5 dxc5 22. Rxc5 a4 23. Rb5 b6 24. Rc1 Re6 25. Rd5 Na5 26. Rd7 c5 27. Rcd1 Nc4 28. Bc1 Rae8 29. Ra7 R8e7 30. Rxa4 b5 31. Ra8 f5 32. Rdd8 fxe4 33. Rg8+ Kf6 34. Raf8+ Ke5 35. fxe4 Kxe4 36. Rf3 Ne5 37. Re3+ Kd4 38. Rd8+ Kc4 39.
Rc3# 1-0

[Event "Early-Titled-Tuesday-Blitz-September-12-2023"]
[Site "Chess.com"]
[Date "2023.09.12"]
[Round "11"]
[White "Arystanner"]
[Black "Aradhya2000"]
[Result "1-0"]
[WhiteElo "2838"]
[BlackElo "2703"]
[TimeControl "180+1"]
[EndTime "10:03:58 PDT"]
[Termination "Arystanner won by resignation"]

1. d4 d5 2. c4 c6 3. Nf3 Nf6 4. e3 Bg4 5. Nc3 e6 6. h3 Bxf3 7. Qxf3 Bb4 8. Bd2 Nbd7 9. Bd3 O-O 10. O-O Nc5 11. dxc5 dxc4 12. Bxc4 Qxd2 13. Ne4 Nxe4 14. Qxe4 Bxc5 15. Rfd1 Qb4 16. a3 Qxb2 17. Rab1 Qxa3 18. Rxb7 Rad8 19. Rxd8 Rxd8 20. Rxf7 Kh8 21. g3 Qc1+ 22. Kg2 a5 23. Bd3 Kg8 24. Qxe6 Rf8 25. Rf6+ Kh8 26. Rxf8+ Bxf8 27. Bc4 1-0

[Event "Early-Titled-Tuesday-Blitz-September-12-2023"]
[Site "Chess.com"]
[Date "2023.09.12"]
[Round "11"]
[White "KorolDimitriy75"]
[Black "the-gambler"]
[Result "0-1"]
[WhiteElo "2373"]
[BlackElo "2499"]
[TimeControl "180+1"]
[EndTime "10:04:02 PDT"]
[Termination "the-gambler won on time"]

1. d4 Nf6 2. c4 g6 3. Nc3 d5 4.
cxd5 Nxd5 5. e4 Nxc3 6. bxc3 Bg7 7. Nf3 O-O 8. Rb1 c5 9. Be2 Nc6 10. d5 Ne5 11. Nxe5 Bxe5 12. Qd2 b6 13. O-O e6 14. f4 Bc7 15. c4 e5 16. f5 Qh4 17.
Qe3 gxf5 18. g3 f4 19. Qxf4 exf4 20. gxh4 Bh3 21. Rf2 Be5 22. Rb3 Bd7 23. Bxf4 Bd4 24. Bh6 f5 25. Rg3+ Kf7 0-1

[Event "Early-Titled-Tuesday-Blitz-September-12-2023"]
[Site "Chess.com"]
[Date "2023.09.12"]
[Round "11"]
[White "wild3000"]
[Black "JiiHart"]
[Result "1-0"]
[WhiteElo "2431"]
[BlackElo "2159"]
[TimeControl "180+1"]
[EndTime "10:04:04 PDT"]
[Termination "wild3000 won by resignation"]

1. b4 g6 2. Bb2 Nf6 3. e4 d6 4. f4 Bg7 5. e5 dxe5 6. fxe5 Ng4 7. Nf3 Nc6 8. Bb5 Bd7 9. d4 Ncxe5 10. Nxe5 Nxe5 11. dxe5 Bxb5 12. Qf3 Bc6 13. Qd3 Qxd3 14. cxd3 Bxg2 15. Rg1 Bc6 16. Nd2 O-O 17. Rc1 a5 18. a3 axb4 19. axb4 Ra2 20. Bc3 Rd8 21. Ke2 Bb5 22.
Rg3 Rd5 23. Re3 Bh6 24. Rf3 Bxd2 25. Bxd2 Rxe5+ 26. Re3 Rxe3+ 27. Kxe3 Ra3 28. Rc3 Bc6 29. Rxa3 Kg7 30. Bc3+ 1-0

[Event "Early-Titled-Tuesday-Blitz-September-12-2023"]
[Site "Chess.com"]
[Date "2023.09.12"]
[Round "11"]
[White "BlitzWizard04"]
[Black "CSB7"]
[Result "1-0"]
[WhiteElo "2632"]
[BlackElo "2704"]
[TimeControl "180+1"]
[EndTime "10:04:06 PDT"]
[Termination "BlitzWizard04 won by resignation"]

1. e4 e5 2. Nf3 Nf6 3. Nxe5 Nxe4 4. Qe2 Qe7 5. Qxe4 d6 6. d4 dxe5 7. dxe5 Nc6 8. Bb5 Bd7 9. Nc3 O-O-O 10. Bf4 g5 11. Bg3 Bg7 12. O-O-O a6 13. Bxc6 Bxc6 14.
Rxd8+ Rxd8 15. Qxh7 Bh8 16. Re1 Re8 17. f3 Kb8 18. Qf5 Bd7 19. Qd3 Be6 20. Kb1 Rd8 21.
Qe3 Bg7 22. Ne4 g4 23. Bf2 b6 24.
f4 Bf5 25. Ng3 Bc8 26. a3 Bh6 27. Ne4 Bf5 28. Ng3 Qg5 29. fxg5 1-0

[Event "Early-Titled-Tuesday-Blitz-September-12-2023"]
[Site "Chess.com"]
[Date "2023.09.12"]
[Round "11"]
[White "Sjakkerntobi"]
[Black "Herzog2012"]
[Result "0-1"]
[WhiteElo "2520"]
[BlackElo "2515"]
[TimeControl "180+1"]
[EndTime "10:04:11 PDT"]
[Termination "Herzog2012 won by resignation"]

1. f4 d5 2. Nf3 Nf6 3. g3 g6 4.
Bg2 Bg7 5. O-O O-O 6. d3 c5 7. Nc3 Nc6 8. e4 d4 9. Ne2 e5 10. f5 Ng4 11. h3 Ne3 12. Bxe3 dxe3 13. g4 Nd4 14. c3 Nxf3+ 15. Rxf3 Bh6 16. Ng3 Bf4 17.
Nf1 gxf5 18. exf5 Bd7 19. Rxe3 Bxe3+ 20. Nxe3 Bc6 21. Bxc6 bxc6 22. Qe2 Re8 23. Nc4 Qd5 24. Re1 Rad8 25. Qd2 f6 26. Qh6 Qxd3 27. Nxe5 Qd2 28.
Qh4 fxe5 29. Qg5+ Qxg5 0-1

[Event "Early-Titled-Tuesday-Blitz-September-12-2023"]
[Site "Chess.com"]
[Date "2023.09.12"]
[Round "11"]
[White "lamomiajunior"]
[Black "Ducke13"]
[Result "0-1"]
[WhiteElo "2683"]
[BlackElo "2507"]
[TimeControl "180+1"]
[EndTime "10:04:12 PDT"]
[Termination "Ducke13 won by resignation"]

1. d4 Nf6 2. c4 g6 3. Nc3 d5 4.
Nf3 Bg7 5. h4 h5 6. Bg5 c6 7. cxd5 cxd5 8. Qb3 Nc6 9. Bxf6 Bxf6 10.
Qxd5 Qb6 11. Qb5 Bxd4 12. Nxd4 Qxd4 13. e3 Qg7 14. O-O-O O-O 15. Bc4 a6 16. Qb6 Ne5 17. Bd5 Ng4 18. Rd2 Qf6 19. f3 Qxb6 20. fxg4 Bxg4 21. Re1 Rac8 22. e4 e6 23. Bb3 Rfd8 24.
Rc2 Qa5 25. Rf2 Rxc3+ 0-1

[Event "Early-Titled-Tuesday-Blitz-September-12-2023"]
[Site "Chess.com"]
[Date "2023.09.12"]
[Round "11"]
[White "MaxLeto"]
[Black "ShahMatKanal"]
[Result "0-1"]
[WhiteElo "2413"]
[BlackElo "2513"]
[TimeControl "180+1"]
[EndTime "10:04:12 PDT"]
[Termination "ShahMatKanal won on time"]

1. g4 h5 2. g5 h4 3. d4 g6 4.
Bg2 d6 5. h3 Bg7 6. c4 c6 7.
Nc3 Nd7 8. e4 Qb6 9. Nge2 e6 10.
O-O Ne7 11. a3 a5 12. Be3 Qa6 13. b3 b5 14. cxb5 cxb5 15. Qd3 b4 16. Nb5 O-O 17. axb4 Nc6 18. Qc4 Nxb4 19. Bd2 Nb6 20. Qxb4 axb4 21.
Rxa6 Bxa6 22. Nc7 Bxe2 23. Re1 Rac8 0-1